cohdb
Replays
Latest Replays
All Replays
Popular Replays
Top Player Replays
Match Explorer
How It Works
Community
CoH3 Stats
Reddit
Sign in to upload your games and track your stats! →
Sign in with Steam
Match 45615009
Unlisted
Match 45615009
Overview
Messages
Build Orders
End
Pioneer Squad
Construct Infanterie Kompanie
MG 42 Machine Gun Team
MG 42 Machine Gun Team
Grenadier Squad
Construct Luftwaffe Kompanie
221 Scout Car
221 Scout Car
Jäger Squad
Jäger Squad
Luftwaffe Officer Quarters
Selects Mechanized Battlegroup
Selects Mobile Repair Stations
Construct Panzer Kompanie
Selects Raid Package
Selects StuG Assault Group
Flak 30 Anti-aircraft Gun Team
Selects UNKNOWN (2160084)
Panther Heavy Tank
Panzer Officer Quarters
Panther Heavy Tank
Selects Wespe Self-propelled Artillery
Boneless
Arwootarch
ValiantHawk
BazookaJoe
WЇЌĭήğ§* ★assasin
[QSA] Aerocrastic
Deadly
Patton
0
0
Comments
sign in to comment!
No comments posted yet!